 Dungeon Crawl Stone Soup version 0.28.0-53-g5a82cb258f (webtiles) character file.

Game seed: 2076596019621082313

170 safid the Chopper (level 5, -2/46 HPs)
             Began as a Hill Orc Fighter on Aug 7, 2022.
             Slain by a killer bee (7 damage)
             ... on level 4 of the Dungeon.
             The game lasted 00:02:35 (3360 turns).

safid the Chopper (Hill Orc Fighter)                Turns: 3360, Time: 00:02:35

Health: -2/46      AC:  7    Str: 21    XL:     5   Next: 50%
Magic:  5/5        EV:  9    Int:  8    God:
Gold:   133        SH:  4    Dex: 10    Spells: 4/4 levels left

rFire   . . .      SeeInvis .   a - +0 war axe
rCold   . . .      Faith    .   c - +0 buckler
rNeg    . . .      Spirit   .   b - +0 scale mail
rPois   .          Reflect  .   (no helmet)
rElec   .          Harm     .   (no cloak)
rCorr   .          Rampage  .   (no gloves)
Will    .....                   (no boots)
Stlth   ..........              (no amulet)
HPRegen 0.15/turn               (no ring)
MPRegen 0.09/turn               (no ring)

@: lethally poisoned (-2 -> -29)
A: no striking features
a: no special abilities


You were on level 4 of the Dungeon.
You visited 1 branch of the dungeon, and saw 4 of its levels.

You collected 133 gold pieces.

Inventory:

Hand Weapons
 a - a +0 war axe (weapon)
Armour
 b - a +0 scale mail (worn)
 c - a +0 buckler (worn)
Wands
 n - a wand of charming (4)
Scrolls
 g - 2 scrolls of blinking {unknown}
 i - 2 scrolls of identify {unknown}
 j - a scroll of summoning {unknown}
 k - 2 scrolls of brand weapon {unknown}
 l - 2 scrolls of teleportation {unknown}
 m - a scroll of noise {unknown}
Potions
 d - a potion of might
 e - a potion of invisibility {unknown}
 f - 3 potions of heal wounds {unknown}
 h - a potion of cancellation {unknown}
 o - a potion of curing {unknown}
 p - a potion of degeneration {unknown}


   Skills:
 - Level 4.0 Fighting
 + Level 6.0 Axes
 - Level 4.0 Armour
 - Level 4.0 Shields


You had 4 spell levels left.
You didn't know any spells.
Your spell library contained the following spells:

 Spells                   Type           Power      Damage    Failure   Level
 Pain                     Necr           0%         1d4       83%         1
 Agony                    Necr           0%         N/A       100%        5
 Excruciating Wounds      Necr           0%         N/A       100%        5


Dungeon Overview and Level Annotations

Branches:
Dungeon (4/15)
 Temple: D:4-7

Altars:
Gozag


Message History

A killer bee is nearby! 3 killer bees come into view.
Found an escape hatch in the ceiling.
The killer bee buzzes angrily. x4; You hear an angry buzzing noise.
A killer bee comes into view.
A phantom comes into view.
You closely miss the killer bee. The killer bee stings you!
You are poisoned.
The killer bee poisons you! The killer bee stings you.
You are more poisoned.
The killer bee poisons you! The killer bee stings you.
Unknown command.
You slash the killer bee!
The killer bee is severely wounded.
You miss the killer bee. x2
You feel very sick.
The killer bee stings you but does no damage.
The killer bee closely misses you. The killer bee stings you.
A killer bee comes into view.
You block the killer bee's attack. The killer bee stings you.
The killer bee closely misses you.
The killer bee stings you but does no damage.
The killer bee moves out of view.
You miss the killer bee.
The killer bee is severely wounded.
You miss the killer bee. You hit the killer bee. You slash the killer bee!
You barely miss the killer bee.
You feel very sick. The killer bee barely misses you.
You block the killer bee's attack. The killer bee stings you.
The killer bee barely misses you. The killer bee stings you.
You are lethally poisoned!
The killer bee poisons you!
The killer bee stings you but does no damage. x2
The killer bee stings you.
* * * LOW HITPOINT WARNING * * *
The killer bee stings you.
* * * LOW HITPOINT WARNING * * *
You are more poisoned.
The killer bee poisons you! The killer bee stings you!
You die...

...... .W.
...##....###...#
#......<...#...
...##...........#
#........ ......#
#........ #...# .
.........##.y.#...
.......##yyy.......
......!#.y@y.......
.............##....
....>......### ...
............### .#
..##.....<....# #
........#...##
.........#####
....#.....
#..###...#


You could see 6 killer bees.

Vanquished Creatures
  A hound (D:3)
  3 adders
  5 worms
  3 dart slugs
  5 orcs (D:3)
  A bat (D:3)
  7 endoplasms
  2 giant cockroaches
  9 goblins
  8 hobgoblins
  6 jackals
  3 quokkas
  9 ball pythons
  4 frilled lizards
  9 kobolds
  6 rats
81 creatures vanquished.

Notes
Turn   | Place    | Note
-------+----------+-------------------------------------------
     0 | D:1      | safid the Hill Orc Fighter began the quest for the Orb.
     0 | D:1      | Reached XP level 1. HP: 19/19 MP: 1/1
   144 | D:1      | Reached skill level 3 in Axes
   144 | D:1      | Reached XP level 2. HP: 17/27 MP: 2/2
   409 | D:1      | Reached XP level 3. HP: 33/33 MP: 3/3
   847 | D:1      | Found a faded altar of an unknown god.
  1137 | D:2      | Found an opulent altar of Gozag.
  1403 | D:2      | Reached XP level 4. HP: 36/40 MP: 4/4
  1409 | D:2      | Reached skill level 4 in Axes
  2204 | D:3      | Reached skill level 5 in Axes
  2312 | D:3      | Reached XP level 5. HP: 19/46 MP: 5/5
  3147 | D:3      | Reached skill level 6 in Axes
  3355 | D:4      | Noticed a phantom
  3360 | D:4      | Slain by a killer bee

Illustrated notes

Levels and vault maps discovered:
D:1:      ncdulo_halloftheorcs, layout_basic,
          dreamdust_ecumenical_altar_angels_and_demons, kennysheep_boxes
D:2:      minmay_recursive_quarters, layout_loops_ring, basic_altar
D:3:      layout_basic
D:4:      minmay_clustersquares, layout_cave_pools, tgw_sif

Skill      XL: |  1  2  3  4  5 |
---------------+----------------+-----
Axes           | 3 5 6 |  6.0
Fighting       | 4 |  4.0
Armour         | 4 |  4.0
Shields        | 4 |  4.0

Action                   |  1- 3 |  4- 6 || total
-------------------------+-------+-------++-------
Melee: War axe           |    96 |   122 ||   218
Armor: Scale mail        |    47 |    48 ||    95
Dodge: Dodged            |    58 |    48 ||   106
Block: Buckler           |    25 |    23 ||    48
